 Dungeon Crawl Stone Soup version 0.28-a0-793-g31680bbd8b (webtiles) character file.

Game seed: 15475577246846527250

9046 Ijustatesigmund the Blocker (level 11, -13/89 HPs)
             Began as a Gnoll Fighter on Nov 1, 2021.
             Was a Believer of Cheibriados.
             Killed from afar by a balrug (21 damage)
             ... with a bolt of fire
             ... in a Gauntlet on Nov 4, 2021.
             The game lasted 00:23:21 (12660 turns).

Ijustatesigmund the Blocker (Gnoll Fighter)        Turns: 12660, Time: 00:23:21

Health: -13/89     AC: 22    Str: 22    XL:     11   Next: 40%
Magic:  0/20       EV: 13    Int: 16    God:    Cheibriados [**....]
Gold:   320        SH:  8    Dex: 18    Spells: 22/22 levels left

rFire   + . .      SeeInvis .   a - +2 war axe (vamp)
rCold   + + .      Faith    .   c - +1 buckler
rNeg    . . .      Spirit   .   b - +1 scale mail {rC+}
rPois   +          Reflect  .   (no helmet)
rElec   +          Harm     .   z - +0 cloak
rCorr   +          Rampage  .   o - +0 pair of gloves
Will    .....      NoTele   +   h - +1 pair of boots
Stlth   ++........              A - amulet of regeneration
HPRegen 1.24/turn               g - +4 ring of protection
MPRegen 0.17/turn               v - +4 ring of protection

@: resistant, very slow
A: fangs 1, strong nose, distributed training
a: Renounce Religion, Bend Time


You were in a Gauntlet.
You worshipped Cheibriados.
Cheibriados was pleased with you.
You visited 2 branches of the dungeon, and saw 12 of its levels.
You also visited: Gauntlet.

You collected 480 gold pieces.
You spent 160 gold pieces at shops.

Inventory:

Hand Weapons
 a - a +2 vampiric war axe (weapon)
 n - a +2 hand axe of flaming
Armour
 b - a +1 scale mail of cold resistance (worn)
 c - a +1 buckler (worn)
 h - a +1 pair of boots (worn)
 o - a +0 pair of gloves (worn)
 z - a +0 cloak (worn)
Jewellery
 g - a +4 ring of protection (left hand)
 k - a ring of resist corrosion
 v - a +4 ring of protection (right hand)
 A - an amulet of regeneration (around neck)
Wands
 x - a wand of iceblast (8)
Scrolls
 f - 4 scrolls of teleportation
 i - 3 scrolls of fear
 m - 2 scrolls of silence
 p - 2 scrolls of blinking
 t - 2 scrolls of fog
 u - 5 scrolls of identify
 w - 3 scrolls of immolation
Potions
 d - 2 potions of brilliance
 e - 4 potions of curing
 j - a potion of lignification
 s - a potion of attraction


   Skills:
 + Level 9.1 Fighting
 + Level 6.2 Short Blades
 + Level 6.2 Long Blades
 + Level 7.8 Axes
 + Level 6.2 Maces & Flails
 + Level 6.2 Polearms
 + Level 6.2 Staves
 + Level 6.2 Slings
 + Level 6.2 Bows
 + Level 6.2 Crossbows
 + Level 6.2 Throwing
 + Level 9.1 Armour
 + Level 6.2 Dodging
 + Level 6.2 Stealth
 + Level 9.1 Shields
 + Level 6.2 Unarmed Combat
 + Level 6.2 Spellcasting
 + Level 5.2 Conjurations
 + Level 5.2 Hexes
 + Level 5.2 Summonings
 + Level 5.2 Necromancy
 + Level 5.2 Translocations
 + Level 5.2 Transmutations
 + Level 5.2 Fire Magic
 + Level 5.2 Ice Magic
 + Level 5.2 Air Magic
 + Level 5.2 Earth Magic
 + Level 5.2 Poison Magic
 + Level 6.9 Invocations
 + Level 6.2 Evocations


You had 22 spell levels left.
You didn't know any spells.
Your spell library contained the following spells:

 Spells                   Type           Power      Damage    Failure   Level
 Summon Small Mammal      Summ           84%        N/A       3%          1
 Ensorcelled Hibernation  Hex/Ice        42%        N/A       5%          2
 Static Discharge         Conj/Air       21%        N/A       5%          2
 Call Canine Familiar     Summ           21%        N/A       11%         3
 Ozocubu's Armour         Ice            21%        N/A       11%         3
 Spider Form              Tmut/Pois      21%        N/A       11%         3
 Summon Guardian Golem    Hex/Summ       21%        N/A       11%         3
 Dispel Undead            Necr           21%        3d11      34%         4
 Sticky Flame             Conj/Fire      21%        2d4       34%         4
 Ozocubu's Refrigeration  Ice            10%        4d7       100%        7


Dungeon Overview and Level Annotations

Branches:
Dungeon (11/15)            Temple (1/1) D:4            Lair (0/6) D:8
    Orc (0/2) D:9         Gauntlet (1/1)

Altars:
Ashenzari
Cheibriados
Dithmenos
Elyvilon
Fedhas
Gozag
Hepliaklqana
Kikubaaqudgha
Makhleb
Nemelex Xobeh
Okawaru
Qazlal
Ru
Sif Muna
Trog
Uskayaw
Vehumet
Wu Jian
Xom
Yredelemnul
Zin
The Shining One

Shops:
D:5 !   D:7 :   D:8 ?   D:10 *

Annotations:
Gauntlet 16 runed translucent doors, 11 transporters


Innate Abilities, Weirdness & Mutations

You have very sharp teeth.
Your uncanny sense of smell can sniff out nearby items.
Your experience applies equally to all skills.


Message History

The hell hound bites you but does no damage.
You miss the balrug.
The balrug is almost dead.
You closely miss the hell hound.
You are covered in liquid flames!
You block the hell hound's attack. The balrug barely misses you.
You barely miss the balrug.
The balrug is almost dead.
You barely miss the hell hound.
You are covered in liquid flames!
The hell hound breathes flames at you. The blast of flame misses you.
The balrug hits you but does no damage. The hell hound closely misses you.
You hit the balrug.
The balrug is almost dead.
You closely miss the hell hound. The hell hound completely misses you.
The balrug hits you with a +1 antimagic demon whip!
* * * LOW HITPOINT WARNING * * *
You are engulfed in flames!
You resist.
* * * LOW HITPOINT WARNING * * *
You feel your power leaking away.
The hell hound bites you but does no damage.
The balrug gestures at you. The bolt of fire hits you! You resist.
* * * LOW HITPOINT WARNING * * *
Okay, then.
You slash the balrug! You bite the balrug.
The balrug is almost dead.
You hit the hell hound.
The hell hound bites you but does no damage.
The balrug barely misses you. The flow of time bends around you.
Cheibriados rebukes the hell hound.
The hell hound seems to slow down.
Cheibriados rebukes the balrug.
The balrug seems to slow down.
The hell hound bites you but does no damage.
The balrug gestures at you. The bolt of fire hits you!! You resist.
You die...

#######################
......§§≈............§###
©......§......©.......#8#
######...###########..###
J##?J#...#..+.©.+..#..#
#.##J#.∩.#.^+...+^.#..###
##J#.#...#++#+#'#++#..#8#
.#.#.#...#..+...'..#..###
©#.#.#...#..+...@2.#..#
.#.#.#...#++#...#h'#..###
#.##.#...#..#+++#..#..#8#
###..#...#.........#..###
...JJ#...#..:[©$?..#..#
######...###########..###
.......§....#.©.#.....#8#
......≈8≈...#...#.8...###
.......≈....#.©.#.....#


You could see a balrug (slow) and a hell hound (slow).

Vanquished Creatures
  2 two-headed ogres (D:9)
  Pikel (D:3)
  2 gargoyles (D:11)
  2 trolls
  Grinder (D:4)
  2 shadows (D:9)
  A wyvern (D:7)
  A wraith (D:9)
  5 yaks (D:8)
  Eustachio (D:5)
  2 steam dragons
  Edmund (D:4)
  A water moccasin (D:7)
  2 orc warriors (D:9)
  3 black bears
  An ice beast (D:6)
  A necrophage (D:8)
  2 ogres
  5 centaurs
  A kobold brigand (D:9)
  3 phantoms
  5 bullfrogs
  Blork the orc (D:4)
  A wyvern zombie (D:7)
  2 scorpions (D:6)
  2 troll zombies (D:9)
  6 killer bees (D:9)
  3 wights (D:8)
  A bullfrog zombie (D:6)
  2 centaur zombies
  4 hounds
  3 gnoll shamans
  10 orc priests
  Crazy Yiuf (D:7)
  3 jellies (D:6)
  A centaur skeleton (D:4)
  Terence (D:3)
  3 iguanas
  11 orc wizards
  4 ogre zombies (D:9)
  A hound skeleton (D:4)
  A howler monkey zombie (D:5)
  11 gnolls
  5 adders
  A shadow imp (D:7)
  A white imp (D:7)
  2 worms (D:3)
  2 dart slugs
  37 orcs
  5 ball pythons
  5 bats
  4 endoplasms
  5 giant cockroaches
  11 goblins
  7 hobgoblins
  5 quokkas
  3 frilled lizards
  2 goblin zombies (D:9)
  2 hobgoblin skeletons (D:9)
  2 hobgoblin zombies (D:9)
  9 kobolds
  2 orc skeletons (D:9)
  11 orc zombies (D:9)
  9 rats
  A spectral orc (D:5)
248 creatures vanquished.

Vanquished Creatures (others)
  3 demonic plants (Gauntlet)
  5 fungi (D:7)
8 creatures vanquished.

Grand Total: 256 creatures vanquished

Notes
Turn   | Place    | Note
-------+----------+-------------------------------------------
     0 | D:1      | Ijustatesigmund the Gnoll Fighter began the quest for the
                  | Orb.
     0 | D:1      | Reached XP level 1. HP: 23/23 MP: 1/1
   127 | D:1      | Reached XP level 2. HP: 29/29 MP: 2/2
   439 | D:1      | Reached XP level 3. HP: 34/35 MP: 3/3
  1052 | D:2      | Reached skill level 1 in Invocations
  1388 | D:3      | Found a glowing silver altar of Zin.
  1430 | D:3      | Found a faded altar of an unknown god.
  1441 | D:3      | Reached skill level 1 in Short Blades
  1441 | D:3      | Reached skill level 1 in Long Blades
  1441 | D:3      | Reached skill level 1 in Maces & Flails
  1441 | D:3      | Reached skill level 1 in Polearms
  1441 | D:3      | Reached skill level 1 in Staves
  1441 | D:3      | Reached skill level 1 in Slings
  1441 | D:3      | Reached skill level 1 in Bows
  1441 | D:3      | Reached skill level 1 in Crossbows
  1441 | D:3      | Reached skill level 1 in Throwing
  1441 | D:3      | Reached skill level 1 in Dodging
  1441 | D:3      | Reached skill level 1 in Stealth
  1441 | D:3      | Reached skill level 1 in Unarmed Combat
  1441 | D:3      | Reached skill level 1 in Spellcasting
  1441 | D:3      | Reached skill level 1 in Evocations
  1591 | D:3      | Reached XP level 4. HP: 41/41 MP: 5/5
  1668 | D:3      | Noticed Terence
  1682 | D:3      | Killed Terence
  1841 | D:3      | Reached skill level 1 in Conjurations
  1841 | D:3      | Reached skill level 1 in Hexes
  1841 | D:3      | Reached skill level 1 in Summonings
  1841 | D:3      | Reached skill level 1 in Necromancy
  1841 | D:3      | Reached skill level 1 in Translocations
  1841 | D:3      | Reached skill level 1 in Transmutations
  1841 | D:3      | Reached skill level 1 in Fire Magic
  1841 | D:3      | Reached skill level 1 in Ice Magic
  1841 | D:3      | Reached skill level 1 in Air Magic
  1841 | D:3      | Reached skill level 1 in Earth Magic
  1841 | D:3      | Reached skill level 1 in Poison Magic
  2369 | D:4      | Noticed Grinder
  2376 | D:4      | Reached XP level 5. HP: 45/46 MP: 5/7
  2388 | D:4      | Paralysed by Grinder for 4 turns
  2401 | D:4      | Killed Grinder
  2402 | D:4      | Reached skill level 5 in Axes
  2402 | D:4      | Reached XP level 6. HP: 17/53 MP: 7/9
  2482 | D:4      | Noticed Edmund
  2624 | D:4      | Killed Edmund
  2625 | D:4      | Reached XP level 7. HP: 12/59 MP: 10/10
  2988 | D:4      | Noticed Pikel
  3024 | D:3      | Killed Pikel
  3025 | D:3      | Reached XP level 8. HP: 60/67 MP: 10/12
  3090 | D:4      | Noticed Blork the orc
  3103 | D:4      | Killed Blork the orc
  3180 | D:4      | Found a staircase to the Ecumenical Temple.
  3859 | D:5      | Entered Level 5 of the Dungeon
  3859 | D:5      | Found a stormy altar of Qazlal.
  4121 | D:5      | Noticed Eustachio
  4121 | D:5      | Found a white marble altar of Elyvilon.
  4176 | D:5      | Killed Eustachio
  4528 | D:5      | Found Muosyec's Distillery.
  4535 | D:5      | Bought a potion of might for 44 gold pieces
  4535 | D:5      | Bought a potion of heal wounds for 55 gold pieces
  4535 | D:5      | Bought a potion of curing for 33 gold pieces
  4783 | D:4      | Reached XP level 9. HP: 38/72 MP: 14/14
  5439 | D:5      | Found a basalt altar of Yredelemnul.
  5957 | D:5      | Found a shadowy altar of Dithmenos.
  6339 | D:6      | Found a burning altar of Makhleb.
  7102 | D:7      | Reached skill level 5 in Invocations
  7353 | D:7      | Found Desett's Book Shoppe.
  8249 | D:7      | Found a runed translucent door.
  8250 | D:7      | Noticed Crazy Yiuf
  8257 | D:7      | Killed Crazy Yiuf
  8444 | D:8      | Reached XP level 10. HP: 77/80 MP: 17/17
  8607 | D:8      | Upgraded the game from 0.28-a0-771-g91a516d0e7 to
                  | 0.28-a0-793-g31680bbd8b
  8759 | D:8      | Found a staircase to the Lair.
  8821 | D:8      | Reached skill level 5 in Short Blades
  8821 | D:8      | Reached skill level 5 in Long Blades
  8821 | D:8      | Reached skill level 5 in Maces & Flails
  8821 | D:8      | Reached skill level 5 in Polearms
  8821 | D:8      | Reached skill level 5 in Staves
  8821 | D:8      | Reached skill level 5 in Slings
  8821 | D:8      | Reached skill level 5 in Bows
  8821 | D:8      | Reached skill level 5 in Crossbows
  8821 | D:8      | Reached skill level 5 in Throwing
  8821 | D:8      | Reached skill level 5 in Dodging
  8821 | D:8      | Reached skill level 5 in Stealth
  8821 | D:8      | Reached skill level 5 in Unarmed Combat
  8821 | D:8      | Reached skill level 5 in Spellcasting
  8821 | D:8      | Reached skill level 5 in Evocations
  9278 | D:8      | Found Biefurong's Magic Scroll Emporium.
  9285 | D:8      | Bought a scroll of fog for 28 gold pieces
  9523 | D:8      | Found a sparkling altar of Nemelex Xobeh.
  9523 | D:8      | Found a broken altar of Ashenzari.
  9875 | Temple   | Entered the Ecumenical Temple
 10116 | Temple   | Became a worshipper of Cheibriados the Contemplative
 10485 | D:9      | Found a staircase to the Orcish Mines.
 10505 | D:9      | Reached * piety under Cheibriados
 10724 | D:9      | Noticed a two-headed ogre
 10738 | D:9      | Killed a two-headed ogre
 10901 | D:9      | Reached XP level 11. HP: 87/87 MP: 19/19
 10919 | D:9      | Reached ** piety under Cheibriados
 11237 | D:9      | Noticed a two-headed ogre
 11323 | D:9      | Killed a two-headed ogre
 11324 | D:9      | Reached skill level 5 in Conjurations
 11324 | D:9      | Reached skill level 5 in Hexes
 11324 | D:9      | Reached skill level 5 in Summonings
 11324 | D:9      | Reached skill level 5 in Necromancy
 11324 | D:9      | Reached skill level 5 in Translocations
 11324 | D:9      | Reached skill level 5 in Transmutations
 11324 | D:9      | Reached skill level 5 in Fire Magic
 11324 | D:9      | Reached skill level 5 in Ice Magic
 11324 | D:9      | Reached skill level 5 in Air Magic
 11324 | D:9      | Reached skill level 5 in Earth Magic
 11324 | D:9      | Reached skill level 5 in Poison Magic
 11543 | D:10     | Entered Level 10 of the Dungeon
 11683 | D:10     | Found Nakkaes's General Store.
 12238 | D:11     | Found a gate leading to a gauntlet.
 12272 | Gauntlet | Entered a Gauntlet
 12272 | Gauntlet | Noticed a balrug
 12272 | Gauntlet | Found a large runed translucent door.
 12272 | Gauntlet | Found a large runed translucent door.
 12272 | Gauntlet | Found a large runed translucent door.
 12272 | Gauntlet | Found a large runed translucent door.
 12272 | Gauntlet | Found a runed translucent door.
 12272 | Gauntlet | Found a large runed translucent door.
 12272 | Gauntlet | Found a large runed translucent door.
 12272 | Gauntlet | Found a transporter.
 12272 | Gauntlet | Found a transporter.
 12272 | Gauntlet | Found a large runed translucent door.
 12272 | Gauntlet | Found a large runed translucent door.
 12272 | Gauntlet | Found a runed translucent gate.
 12272 | Gauntlet | Found a runed translucent gate.
 12272 | Gauntlet | Found a transporter.
 12276 | Gauntlet | Found a transporter.
 12279 | Gauntlet | Noticed a death scarab
 12282 | Gauntlet | Found a transporter.
 12287 | Gauntlet | Found a transporter.
 12292 | Gauntlet | Noticed a tengu warrior
 12294 | Gauntlet | Found a transporter.
 12298 | Gauntlet | Found a transporter.
 12311 | Gauntlet | Noticed a death scarab
 12314 | Gauntlet | Noticed a spectral catoblepas
 12315 | Gauntlet | Found a transporter.
 12336 | Gauntlet | Found a transporter.
 12358 | Gauntlet | Noticed a tengu warrior
 12362 | Gauntlet | Found a transporter.
 12403 | Gauntlet | Found a runed translucent door.
 12404 | Gauntlet | Found a large runed translucent door.
 12404 | Gauntlet | Found a large runed translucent door.
 12404 | Gauntlet | Found a large runed translucent door.
 12404 | Gauntlet | Found a large runed translucent door.
 12405 | Gauntlet | Found a large runed translucent door.
 12405 | Gauntlet | Found a large runed translucent door.
 12406 | Gauntlet | Found a large runed translucent door.
 12406 | Gauntlet | Found a large runed translucent door.
 12417 | Gauntlet | Found a runed translucent gate.
 12538 | Gauntlet | Found a transporter.
 12660 | Gauntlet | Killed from afar by a balrug

Illustrated notes

Levels and vault maps discovered:
D:1:      dpeg_arrival_tiny_c, layout_loops_ring
D:2:      layout_loops_ring
D:3:      layout_basic, mainiacjoe_overflow_cross_hatched,
          chequers_ecumenical_altar_simple, uniq_terence
D:4:      layout_rooms, minmay_temple_entry_mist, uniq_grinder,
          uniq_blork_the_orc, uniq_pikel, uniq_edmund
D:5:      layout_loops_ring, nicolae_dithmenos_through_a_glass_darkly,
          mainiacjoe_overflow_tiny_flanked, mainiacjoe_overflow_small_starburst,
          yredelemnul_forgotten_temple_becter, serial_shops, shop,
          uniq_eustachio
D:6:      layout_basic, bloody_makhleb
D:7:      layout_basic, serial_shops, nicolae_stop_n_shop_2,
          uniq_crazy_yiuf_cottage
D:8:      layout_layer_cave, gammafunk_temple_overflow_elements,
          lair_entry_dummy, serial_shops, nicolae_shop_trees
D:9:      layout_loops_ring, zombieorc1_lemuel, minmay_puff
D:10:     layout_gridville, serial_shops, nicolae_diamond_shop
D:11:     layout_loops_ring, serial_shops, nicolae_shop_behind_doors,
          gauntlet_entry_generic
Temple:   dpeg_chambers_temple
Gauntlet: gammafunk_gauntlet_shortcut
          [minmay_gauntlet_arena_make_your_own_arena, nicolae_gauntlet_swirl,
          gammafunk_gauntlet_arena_spirals, gammafunk_gauntlet_arena_split_x,
          nicolae_gauntlet_arena_quarters, gammafunk_gauntlet_arena_mazey,
          gauntlet_exit_green]

Skill      XL: |  1  2  3  4  5  6  7  8  9 10 11 |
---------------+----------------------------------+-----
Invocations    | 1 2 3 4 5 6 |  6.9
Short Blades   | 1 2 3 4 5 6 |  6.2
Long Blades    | 1 2 3 4 5 6 |  6.2
Maces & Flails | 1 2 3 4 5 6 |  6.2
Polearms       | 1 2 3 4 5 6 |  6.2
Staves         | 1 2 3 4 5 6 |  6.2
Slings         | 1 2 3 4 5 6 |  6.2
Bows           | 1 2 3 4 5 6 |  6.2
Crossbows      | 1 2 3 4 5 6 |  6.2
Throwing       | 1 2 3 4 5 6 |  6.2
Dodging        | 1 2 3 4 5 6 |  6.2
Stealth        | 1 2 3 4 5 6 |  6.2
Unarmed Combat | 1 2 3 4 5 6 |  6.2
Spellcasting   | 1 2 3 4 5 6 |  6.2
Evocations     | 1 2 3 4 5 6 |  6.2
Conjurations   | 1 2 3 4 5 |  5.2
Hexes          | 1 2 3 4 5 |  5.2
Summonings     | 1 2 3 4 5 |  5.2
Necromancy     | 1 2 3 4 5 |  5.2
Translocations | 1 2 3 4 5 |  5.2
Transmutations | 1 2 3 4 5 |  5.2
Fire Magic     | 1 2 3 4 5 |  5.2
Ice Magic      | 1 2 3 4 5 |  5.2
Air Magic      | 1 2 3 4 5 |  5.2
Earth Magic    | 1 2 3 4 5 |  5.2
Poison Magic   | 1 2 3 4 5 |  5.2
Axes           | 5 6 7 |  7.8
Fighting       | 7 8 9 |  9.1
Armour         | 7 8 9 |  9.1
Shields        | 7 8 9 |  9.1

Action                   |  1- 3 |  4- 6 |  7- 9 | 10-12 || total
-------------------------+-------+-------+-------+-------++-------
Melee: War axe           |   121 |    85 |   395 |   462 ||  1063
       Bite              |     7 |     8 |    40 |    69 ||   124
Invok: Bend Time         |       |       |       |     2 ||     2
Evoke: Wand              |       |       |       |     3 ||     3
  Use: Scroll            |       |     6 |     6 |     9 ||    21
       Potion            |       |     3 |     1 |     4 ||     8
 Stab: Invisible         |       |     1 |       |       ||     1
       Distracted        |       |       |       |     1 ||     1
Armor: Scale mail        |    51 |     4 |   250 |   325 ||   630
       Chain mail        |       |    36 |    55 |       ||    91
Dodge: Dodged            |    47 |    32 |   241 |   303 ||   623
Block: Buckler           |    32 |    23 |   183 |   180 ||   418

Table legend: (Time is in decaauts)
 A = Elapsed time spent in this place.
 B = Non-inter-level travel time spent in this place.
 C = Inter-level travel time spent in this place.
 D = Time resting spent in this place.
 E = Time spent auto-exploring this place.
 F = Levels seen in this place.
 G = Mean time per level.
                   A        B        C        D        E       F      G
               +--------+--------+--------+--------+--------+-----+--------+
         Total |  13713 |  13033 |    680 |   2433 |   7795 |  13 | 1054.8 |
       Dungeon |  12915 |  12286 |    629 |   2333 |   7603 |  11 | 1174.1 |
        Temple |    258 |    207 |     51 |      0 |    192 |   1 |  258.0 |
      Gauntlet |    540 |    540 |      0 |    100 |      0 |   1 |  540.0 |
               +--------+--------+--------+--------+--------+-----+--------+

Top non-repeatable levels by time:
     D:5: 1754 daAuts
     D:4: 1704 daAuts
     D:7: 1643 daAuts
     D:9: 1600 daAuts
     D:8: 1443 daAuts
     D:3: 1362 daAuts
    D:10: 984 daAuts
     D:6: 973 daAuts
     D:1: 693 daAuts
     D:2: 686 daAuts
Gauntlet: 540 daAuts
  Temple: 258 daAuts
    D:11: 67 daAuts
